 Dungeon Crawl Stone Soup version 0.29.0-4-gdea44cf6ec (webtiles) character file.

Game seed: 5216240436443555746

3010 qw the Grappler (level 9, -6/71 (88) HPs)
             Began as a Troll Cinder Acolyte on Sept 1, 2022.
             Was a Believer of Ignis.
             Mangled by a yak (8 damage)
             ... summoned by an orange crystal statue
             ... on level 8 of the Dungeon.
             The game lasted 00:04:12 (6911 turns).

qw the Grappler (Troll Cinder Acolyte)              Turns: 6911, Time: 00:04:13

HP:   -6/71 (88)    AC: 11    Str: 28    XL:     9   Next: 55%
MP:   0/9           EV: 13    Int: -6 (10) God:    Ignis [**....]
Gold: 324           SH:  0    Dex:  5    Spells: 10/10 levels left

rFire   + . .      SeeInvis .     - Unarmed
rCold   . . .      Faith    .   (no shield)
rNeg    . . .      Spirit   +   a - +0 robe
rPois   .          Reflect  .   (helmet restricted)
rElec   .          Harm     .   b - scarf {repulsion}
rCorr   .          Rampage  .   (gloves unavailable)
Will    .....                   (boots unavailable)
Stlth   +.........              f - amulet of guardian spirit
HPRegen 1.01/turn               c - +4 ring of slaying {mikee}
MPRegen 0.11/turn               n - +4 ring of evasion

@: confused, fiery-armoured, slowed, lost intelligence, heavily drained, repel
missiles, unable to read, very slow
A: large, unfitting armour, claws 3, regeneration 1, shaggy fur 1, tough skin 1,
hooves 1, inability to drink after injury 1, MP-powered wands, sturdy frame 1,
noise suppression
a: Renounce Religion, Fiery Armour, Foxfire Swarm, Rising Flame


You were on level 8 of the Dungeon.
You worshipped Ignis.
Ignis was pleased with you.
You visited 1 branch of the dungeon, and saw 8 of its levels.

You collected 324 gold pieces.


Innate Abilities, Weirdness & Mutations

You are too large for most types of armour.
You have claws for hands.
Your natural rate of healing is unusually fast.
You are covered in fur. (AC +1)
You have tough skin. (AC +1)
You have large cloven feet.
You occasionally lose the ability to drink potions when taking damage.
You expend magic power (3 MP) to strengthen your wands.
Your movements are slightly less encumbered by armour. (ER -2)
You passively dampen the noise of your surroundings.


   Skills:
 - Level 5.1 Fighting
 - Level 1.1 Dodging
 + Level 12.4 Unarmed Combat
 - Level 1.0 Spellcasting
 - Level 2.1 Fire Magic


You had 10 spell levels left.
You didn't know any spells.
Your spell library contained the following spells:

 Spells                   Type           Power      Damage    Failure   Level
 Scorch                   Fire           0%         2d5       38%         2

Inventory:

Armour
 a - a +0 robe (worn)
 b - a scarf of repulsion (worn)
 i - the +0 robe "Seumnorph" {Harm *Slow rPois Regen+}
   (You found it on level 6 of the Dungeon)

   rPois:     It protects you from poison.
   Regen:     It increases your rate of health regeneration.
   *Slow:     It may slow you when you take damage.
   Harm:      It increases damage dealt and taken.
Jewellery
 c - a +4 ring of slaying (left claw) {mikee}
 e - an amulet of the acrobat
 f - an amulet of guardian spirit (around neck)
 n - a +4 ring of evasion (right claw)
 o - a ring of see invisible
Scrolls
 d - 3 scrolls of identify
 g - 3 scrolls of teleportation
 h - a scroll of enchant armour {unknown}
 q - a scroll of blinking {unknown}
Potions
 j - a potion of haste
 l - a potion of might
 m - a potion of cancellation
 p - 2 potions of brilliance {unknown}

Dungeon Overview and Level Annotations

Branches:
Dungeon (8/15)             Temple (0/1) D:5
   Lair: D:8-11

Altars:
Ashenzari
Kikubaaqudgha
Makhleb
Okawaru
Sif Muna
Yredelemnul

Annotations:
D:5 1 runed translucent door, Crazy Yiuf


Message History

The yak is lightly wounded.
The yak closely misses you. x2
The orange crystal statue glitters topaz in the dim dungeon light.
The orange crystal statue glitters.
You are more confused.
The yak closely misses you. The yak barely misses you.
You barely miss the yak. You kick the yak, but do no damage.
The yak is lightly wounded.
The yak gores you but does no damage.
The yak is burned by your cloak of flames.
The yak is lightly wounded.
The yak gores you!
You feel threatened and lose the ability to drink potions!
The yak is burned by your cloak of flames.
The yak is moderately wounded.
The howler monkey hoots and howls with incredible vigour!
You mangle the yak!!
The yak is severely wounded.
The orange crystal statue fixes its piercing gaze on you.
Something tries to feed on your intellect!
The yak closely misses you. The yak gores you!
The yak is burned by your cloak of flames.
The yak is almost dead.
You claw the yak!
You kill the yak!
The yak's corpse dissolves into shadows!
The orange crystal statue fixes its piercing gaze on you.
You feel your power leaking away. The yak gores you but does no damage.
The yak is burned by your cloak of flames.
The yak is moderately wounded.
The orange crystal statue glitters.
You are more confused.
You can drink potions again.
The yak gores you!
The yak is burned by your cloak of flames.
The yak is moderately wounded.
The howler monkey hoots and howls with incredible vigour!
The yak gores you!
You die...

# #.............# ###### #
#............## ##....#
#............# #.....#
##..........######.....#
##.#........###........#
#..##......#...........#
##.####....#............##
#.##
##..............:..###
##.# ###.@.....[.........#
#.## #..Y.h...~~.......#
##.# #.......¤~~~......#
#.## #......~~.~~....!.#
##.# #....~~~>.¤~......#
##.## #......~Y..:¤.$...##
##..# #.......~~~8¤~~h!..#
...##
..........~~n~~h....# ...#
............~~~......#


You could see an orange crystal statue, 2 yaks, a necrophage (summoned) and a
howler monkey (summoned, catching breath).

Vanquished Creatures
  Joseph (D:7)
  Sigmund (D:3)
  Eustachio (D:5)
  A steam dragon (D:8)
  Duvessa (D:7)
  A water moccasin (D:5)
  2 orc warriors
  2 black bears
  2 ogres
  A centaur (D:7)
  A kobold brigand (D:8)
  4 bullfrogs
  2 scorpions
  Dowan (D:7)
  4 wights (D:7)
  3 lava snakes (D:8)
  3 hounds (D:6)
  2 jellies
  A gnoll bouda (D:7)
  3 orc wizards (D:7)
  A hound zombie (D:4)
  A howler monkey zombie (D:4)
  10 adders
  7 gnolls
  2 shadow imps
  3 white imps
  2 ufetubi (D:5)
  2 worms
  4 dart slugs
  16 orcs
  9 endoplasms
  2 giant cockroaches (D:2)
  5 hobgoblins
  7 jackals
  4 quokkas
  3 ball pythons
  6 bats
  5 frilled lizards
  2 goblins
  15 kobolds
  11 rats
154 creatures vanquished.

Vanquished Creatures (others)
  A human (D:4)
1 creature vanquished.

Grand Total: 155 creatures vanquished

Notes
Turn   | Place    | Note
-------+----------+-------------------------------------------
     0 | D:1      | qw the Troll Cinder Acolyte began the quest for the Orb.
     0 | D:1      | Reached XP level 1. HP: 22/22 MP: 1/1
     0 | D:1      | 0 ||| qw: Version: 0.1-a-97-g2dd2ca4
     0 | D:1      | 0 ||| qw: Game counter: 4787
     0 | D:1      | 0 ||| qw: Always use a shield: true
     0 | D:1      | 0 ||| qw: God list: Okawaru
     0 | D:1      | 0 ||| qw: Allow faded altars: false
     0 | D:1      | 0 ||| qw: Do Orc after D:15 true
     0 | D:1      | 0 ||| qw: Do second Lair branch before Depths: true
     0 | D:1      | 0 ||| qw: Lair rune preference: random
     0 | D:1      | 0 ||| qw: Plans: Normal
     0 | D:1      | 0 ||| PLANNING D:1-11
   166 | D:1      | Reached XP level 2. HP: 28/29 MP: 2/2
   840 | D:1      | 840 ||| DROPPING orb of energy.
   841 | D:1      | 841 ||| UPGRADING to ring of protection from cold.
   842 | D:1      | 842 ||| READING scroll labelled NERARU WIALOL.
   843 | D:1      | 843 ||| READING 2 scrolls labelled HYUXIE DETEST.
   847 | D:1      | 847 ||| READING scroll labelled HYEGEMU XACVE.
   848 | D:1      | 848 ||| READING scroll labelled TIADWUUHAY.
   849 | D:1      | 849 ||| READING scroll labelled PYTEMPAM QEKKE.
   850 | D:1      | 850 ||| DRINKING 2 lumpy green potions.
   888 | D:1      | 888 ||| DROPPING potion of lignification.
   923 | D:2      | 923 ||| Stepping ~*~*~tactically~*~*~ (stealth).
   941 | D:2      | Reached skill level 4 in Unarmed Combat
   986 | D:2      | Reached XP level 3. HP: 36/36 MP: 3/3
   997 | D:2      | 997 ||| Stepping ~*~*~tactically~*~*~ (stealth).
  1073 | D:2      | 1073 ||| Stepping ~*~*~tactically~*~*~ (stealth).
  1080 | D:2      | 1080 ||| Stepping ~*~*~tactically~*~*~ (stealth).
  1082 | D:2      | 1082 ||| Stepping ~*~*~tactically~*~*~ (hiding).
  1303 | D:2      | 1303 ||| Stepping ~*~*~tactically~*~*~ (stealth).
  1305 | D:2      | 1305 ||| Stepping ~*~*~tactically~*~*~ (stealth).
  1378 | D:2      | Reached XP level 4. HP: 44/44 MP: 4/4
  1517 | D:2      | Found a faded altar of an unknown god.
  1547 | D:2      | Reached skill level 5 in Unarmed Combat
  1761 | D:2      | 1761 ||| UPGRADING to amulet of guardian spirit.
  1766 | D:2      | 1766 ||| READING scroll labelled RYBROR QISYTIA.
  1767 | D:2      | 1767 ||| DRINKING 2 bubbling silvery potions.
  1872 | D:2      | 1872 ||| DRINKING 2 yellow potions.
  1872 | D:2      | Gained mutation: You occasionally lose the ability to drink
                  | potions when taking damage. [potion of mutation]
  1872 | D:2      | Gained mutation: Your flesh is heat resistant. (rF+)
                  | [potion of mutation]
  1872 | D:2      | Gained mutation: You expend magic power (3 MP) to
                  | strengthen your wands. [potion of mutation]
  1872 | D:2      | Gained mutation: You are robust. (+10% HP) [potion of
                  | mutation]
  1876 | D:2      | 1876 ||| DRINKING potion of mutation.
  1876 | D:2      | Lost mutation: You are robust. (+10% HP) [potion of
                  | mutation]
  1876 | D:2      | Lost mutation: Your flesh is heat resistant. (rF+) [potion
                  | of mutation]
  1876 | D:2      | Lost mutation: You expend magic power (3 MP) to strengthen
                  | your wands. [potion of mutation]
  1876 | D:2      | Gained mutation: You have large cloven feet. [potion of
                  | mutation]
  1876 | D:2      | Gained mutation: You passively dampen the noise of your
                  | surroundings. [potion of mutation]
  1876 | D:2      | Gained mutation: You expend magic power (3 MP) to
                  | strengthen your wands. [potion of mutation]
  1876 | D:2      | Gained mutation: Your movements are slightly less
                  | encumbered by armour. (ER -2) [potion of mutation]
  1877 | D:2      | 1877 ||| READING 2 scrolls of identify.
  1877 | D:2      | 1877 ||| IDENTIFYING emerald potion
  1878 | D:2      | 1878 ||| DROPPING potion of berserk rage.
  1879 | D:2      | 1879 ||| DROPPING potion of flight.
  2033 | D:3      | 2033 ||| Stepping ~*~*~tactically~*~*~ (stealth).
  2036 | D:3      | 2036 ||| Stepping ~*~*~tactically~*~*~ (stealth).
  2083 | D:3      | Noticed Sigmund
  2084 | D:3      | 2084 ||| Stepping ~*~*~tactically~*~*~ (hiding).
  2093 | D:3      | Killed Sigmund
  2094 | D:3      | Reached skill level 6 in Unarmed Combat
  2094 | D:3      | Reached XP level 5. HP: 47/50 MP: 5/5
  2094 | D:3      | Reached XP level 6. HP: 55/59 MP: 6/6
  2236 | D:3      | 2236 ||| INVOKING Fiery Armour.
  2245 | D:3      | Reached skill level 7 in Unarmed Combat
  2287 | D:3      | 2287 ||| Stepping ~*~*~tactically~*~*~ (stealth).
  2288 | D:3      | 2288 ||| Stepping ~*~*~tactically~*~*~ (stealth).
  2290 | D:3      | 2290 ||| Stepping ~*~*~tactically~*~*~ (stealth).
  2468 | D:3      | Found an iron altar of Okawaru.
  2471 | D:3      | Found a shimmering blue altar of Sif Muna.
  2478 | D:3      | Found a burning altar of Makhleb.
  2489 | D:3      | Found a broken altar of Ashenzari.
  2517 | D:3      | 2517 ||| UPGRADING to scarf of repulsion.
  2522 | D:3      | 2522 ||| UPGRADING to +6 ring of strength.
  2523 | D:3      | 2523 ||| READING scroll labelled RAMOJIG YDOICO.
  2677 | D:4      | 2677 ||| Stepping ~*~*~tactically~*~*~ (outnumbered).
  2678 | D:4      | 2678 ||| Stepping ~*~*~tactically~*~*~ (outnumbered).
  2747 | D:4      | Found a basalt altar of Yredelemnul.
  2848 | D:4      | Found an ancient bone altar of Kikubaaqudgha.
  2913 | D:4      | Noticed a human
  2914 | D:4      | Killed a human
  2964 | D:4      | 2964 ||| Stepping ~*~*~tactically~*~*~ (hiding).
  3237 | D:4      | 3237 ||| UPGRADING to +4 ring of slaying {mikee}.
  3239 | D:4      | 3239 ||| DROPPING ring of resist corrosion.
  3240 | D:4      | 3240 ||| DROPPING ring of protection from cold.
  3241 | D:4      | 3241 ||| DRINKING 2 amethyst potions.
  3242 | D:4      | 3242 ||| DRINKING 2 ruby potions.
  3262 | D:5      | Entered Level 5 of the Dungeon
  3295 | D:5      | Noticed Eustachio
  3297 | D:5      | 3297 ||| Stepping ~*~*~tactically~*~*~ (hiding).
  3298 | D:5      | 3298 ||| Stepping ~*~*~tactically~*~*~ (hiding).
  3300 | D:5      | 3300 ||| Stepping ~*~*~tactically~*~*~ (hiding).
  3301 | D:5      | 3301 ||| Stepping ~*~*~tactically~*~*~ (hiding).
  3302 | D:5      | 3302 ||| INVOKING Fiery Armour.
  3311 | D:5      | 3311 ||| Stepping ~*~*~tactically~*~*~ (outnumbered).
  3312 | D:5      | 3312 ||| Stepping ~*~*~tactically~*~*~ (outnumbered).
  3319 | D:5      | 3319 ||| Stepping ~*~*~tactically~*~*~ (outnumbered).
  3332 | D:5      | 3332 ||| Stepping ~*~*~tactically~*~*~ (outnumbered).
  3333 | D:5      | Killed Eustachio
  3334 | D:5      | Reached skill level 8 in Unarmed Combat
  3334 | D:5      | Reached XP level 7. HP: 66/66 MP: 7/7
  3614 | D:5      | Found a staircase to the Ecumenical Temple.
  3773 | D:5      | Found a runed translucent door.
  3774 | D:5      | Noticed Crazy Yiuf
  3948 | D:5      | 3948 ||| Stepping ~*~*~tactically~*~*~ (stealth).
  3949 | D:5      | 3949 ||| Stepping ~*~*~tactically~*~*~ (stealth).
  4115 | D:5      | 4115 ||| DRINKING 2 white potions.
  4116 | D:5      | 4116 ||| READING 2 scrolls of identify.
  4116 | D:5      | 4116 ||| IDENTIFYING silvery potion
  4117 | D:5      | 4117 ||| DROPPING potion of attraction.
  4166 | D:6      | 4166 ||| STAIRDANCE
  4175 | D:5      | 4175 ||| INVOKING Fiery Armour.
  4178 | D:5      | Reached skill level 3 in Fighting
  4337 | D:6      | Reached skill level 9 in Unarmed Combat
  4477 | D:6      | Reached skill level 1 in Dodging
  4507 | D:6      | 4507 ||| Stepping ~*~*~tactically~*~*~ (hiding).
  4511 | D:6      | Reached XP level 8. HP: 64/76 MP: 6/8
  4544 | D:6      | 4544 ||| Stepping ~*~*~tactically~*~*~ (stealth).
  4563 | D:6      | Identified the +0 robe "Seumnorph" {Harm *Slow rPois
                  | Regen+}
  5074 | D:6      | 5074 ||| READING 3 scrolls of identify.
  5074 | D:6      | 5074 ||| IDENTIFYING puce potion
  5173 | D:7      | 5173 ||| Stepping ~*~*~tactically~*~*~ (stealth).
  5177 | D:7      | 5177 ||| Stepping ~*~*~tactically~*~*~ (stealth).
  5179 | D:7      | 5179 ||| Stepping ~*~*~tactically~*~*~ (stealth).
  5181 | D:7      | Reached skill level 10 in Unarmed Combat
  5181 | D:7      | 5181 ||| Stepping ~*~*~tactically~*~*~ (stealth).
  5311 | D:7      | Noticed Duvessa
  5319 | D:7      | Noticed Dowan
  5320 | D:7      | 5320 ||| INVOKING Fiery Armour.
  5324 | D:7      | Killed Duvessa
  5331 | D:7      | Killed Dowan
  5362 | D:7      | 5362 ||| Stepping ~*~*~tactically~*~*~ (stealth).
  5364 | D:7      | 5364 ||| Stepping ~*~*~tactically~*~*~ (hiding).
  5371 | D:7      | Reached skill level 11 in Unarmed Combat
  5384 | D:7      | 5384 ||| Stepping ~*~*~tactically~*~*~ (stealth).
  5384 | D:7      | Noticed Joseph
  5386 | D:7      | 5386 ||| Stepping ~*~*~tactically~*~*~ (hiding).
  5388 | D:7      | 5388 ||| Stepping ~*~*~tactically~*~*~ (stealth).
  5395 | D:7      | 5395 ||| Stepping ~*~*~tactically~*~*~ (outnumbered).
  5396 | D:7      | 5396 ||| Stepping ~*~*~tactically~*~*~ (outnumbered).
  5403 | D:7      | Killed Joseph
  5404 | D:7      | Reached XP level 9. HP: 63/84 MP: 6/9
  5451 | D:7      | 5451 ||| Stepping ~*~*~tactically~*~*~ (stealth).
  5510 | D:7      | Reached skill level 12 in Unarmed Combat
  5896 | D:7      | 5896 ||| UPGRADING to +4 ring of evasion.
  5898 | D:7      | 5898 ||| DROPPING +6 ring of strength.
  5899 | D:7      | 5899 ||| READING scroll labelled LOZAXTEIKLI.
  5900 | D:7      | 5900 ||| READING 4 scrolls of teleportation.
  6055 | D:8      | 6055 ||| Stepping ~*~*~tactically~*~*~ (stealth).
  6057 | D:8      | 6057 ||| Stepping ~*~*~tactically~*~*~ (hiding).
  6059 | D:8      | 6059 ||| Stepping ~*~*~tactically~*~*~ (hiding).
  6060 | D:8      | 6060 ||| Stepping ~*~*~tactically~*~*~ (hiding).
  6137 | D:8      | 6137 ||| Stepping ~*~*~tactically~*~*~ (stealth).
  6138 | D:8      | 6138 ||| Stepping ~*~*~tactically~*~*~ (stealth).
  6139 | D:8      | 6139 ||| Stepping ~*~*~tactically~*~*~ (stealth).
  6140 | D:8      | 6140 ||| Stepping ~*~*~tactically~*~*~ (stealth).
  6254 | D:8      | 6254 ||| Stepping ~*~*~tactically~*~*~ (stealth).
  6311 | D:8      | 6311 ||| FLEEEEING.
  6312 | D:8      | 6312 ||| FLEEEEING.
  6313 | D:8      | 6313 ||| FLEEEEING.
  6314 | D:8      | 6314 ||| FLEEEEING.
  6386 | D:8      | Noticed an orange crystal statue
  6386 | D:8      | 6386 ||| FLEEEEING.
  6387 | D:8      | 6387 ||| FLEEEEING.
  6388 | D:8      | 6388 ||| FLEEEEING.
  6389 | D:8      | 6389 ||| FLEEEEING.
  6390 | D:8      | 6390 ||| FLEEEEING.
  6391 | D:8      | 6391 ||| FLEEEEING.
  6392 | D:8      | 6392 ||| FLEEEEING.
  6393 | D:8      | 6393 ||| FLEEEEING.
  6394 | D:8      | 6394 ||| FLEEEEING.
  6395 | D:8      | 6395 ||| FLEEEEING.
  6396 | D:8      | 6396 ||| FLEEEEING.
  6397 | D:8      | 6397 ||| FLEEEEING.
  6398 | D:8      | 6398 ||| FLEEEEING.
  6399 | D:8      | 6399 ||| FLEEEEING.
  6403 | D:8      | 6403 ||| FLEEEEING.
  6404 | D:8      | 6404 ||| FLEEEEING.
  6405 | D:8      | 6405 ||| FLEEEEING.
  6406 | D:8      | 6406 ||| FLEEEEING.
  6407 | D:8      | 6407 ||| FLEEEEING.
  6426 | D:8      | 6426 ||| Stepping ~*~*~tactically~*~*~ (outnumbered).
  6428 | D:8      | 6428 ||| Stepping ~*~*~tactically~*~*~ (outnumbered).
  6430 | D:8      | 6430 ||| INVOKING Fiery Armour.
  6436 | D:8      | 6436 ||| Stepping ~*~*~tactically~*~*~ (outnumbered).
  6444 | D:8      | 6444 ||| FLEEEEING.
  6445 | D:8      | 6445 ||| FLEEEEING.
  6446 | D:8      | 6446 ||| FLEEEEING.
  6447 | D:8      | 6447 ||| FLEEEEING.
  6448 | D:8      | 6448 ||| FLEEEEING.
  6449 | D:8      | 6449 ||| FLEEEEING.
  6524 | D:8      | 6524 ||| FLEEEEING.
  6525 | D:8      | 6525 ||| FLEEEEING.
  6526 | D:8      | 6526 ||| FLEEEEING.
  6527 | D:8      | 6527 ||| FLEEEEING.
  6530 | D:8      | 6530 ||| FLEEEEING.
  6531 | D:8      | 6531 ||| FLEEEEING.
  6532 | D:8      | 6532 ||| FLEEEEING.
  6533 | D:8      | 6533 ||| FLEEEEING.
  6546 | D:8      | 6546 ||| INVOKING Fiery Armour.
  6549 | D:8      | 6549 ||| DRINKING 4 potions of curing.
  6549 | D:8      | 6549 ||| (to cure confusion)
  6551 | D:8      | 6551 ||| DRINKING 3 potions of curing.
  6551 | D:8      | 6551 ||| (to cure confusion)
  6554 | D:8      | 6554 ||| Stepping ~*~*~tactically~*~*~ (outnumbered).
  6555 | D:8      | 6555 ||| Stepping ~*~*~tactically~*~*~ (outnumbered).
  6556 | D:8      | 6556 ||| Stepping ~*~*~tactically~*~*~ (outnumbered).
  6557 | D:8      | 6557 ||| Stepping ~*~*~tactically~*~*~ (outnumbered).
  6558 | D:8      | 6558 ||| Stepping ~*~*~tactically~*~*~ (outnumbered).
  6559 | D:8      | 6559 ||| Stepping ~*~*~tactically~*~*~ (outnumbered).
  6570 | D:8      | 6570 ||| FLEEEEING.
  6571 | D:8      | 6571 ||| FLEEEEING.
  6572 | D:8      | 6572 ||| FLEEEEING.
  6573 | D:8      | 6573 ||| FLEEEEING.
  6574 | D:8      | 6574 ||| FLEEEEING.
  6575 | D:8      | 6575 ||| FLEEEEING.
  6576 | D:8      | 6576 ||| FLEEEEING.
  6577 | D:8      | 6577 ||| FLEEEEING.
  6578 | D:8      | 6578 ||| FLEEEEING.
  6579 | D:8      | 6579 ||| FLEEEEING.
  6580 | D:8      | 6580 ||| FLEEEEING.
  6581 | D:8      | 6581 ||| FLEEEEING.
  6582 | D:8      | 6582 ||| FLEEEEING.
  6583 | D:8      | 6583 ||| FLEEEEING.
  6585 | D:8      | 6585 ||| FLEEEEING.
  6587 | D:8      | 6587 ||| FLEEEEING.
  6588 | D:8      | 6588 ||| FLEEEEING.
  6595 | D:8      | 6595 ||| FLEEEEING.
  6596 | D:8      | 6596 ||| FLEEEEING.
  6597 | D:8      | 6597 ||| DRINKING 2 potions of curing.
  6597 | D:8      | 6597 ||| (to cure confusion)
  6598 | D:8      | 6598 ||| FLEEEEING.
  6599 | D:8      | 6599 ||| FLEEEEING.
  6600 | D:8      | 6600 ||| FLEEEEING.
  6601 | D:8      | 6601 ||| FLEEEEING.
  6603 | D:8      | 6603 ||| FLEEEEING.
  6605 | D:8      | 6605 ||| FLEEEEING.
  6606 | D:8      | 6606 ||| FLEEEEING.
  6607 | D:8      | 6607 ||| Stepping ~*~*~tactically~*~*~ (outnumbered).
  6609 | D:8      | 6609 ||| Stepping ~*~*~tactically~*~*~ (outnumbered).
  6610 | D:8      | 6610 ||| Stepping ~*~*~tactically~*~*~ (outnumbered).
  6635 | D:8      | 6635 ||| DRINKING potion of curing.
  6635 | D:8      | 6635 ||| (to cure confusion)
  6647 | D:8      | 6647 ||| FLEEEEING.
  6648 | D:8      | 6648 ||| FLEEEEING.
  6649 | D:8      | 6649 ||| FLEEEEING.
  6650 | D:8      | 6650 ||| FLEEEEING.
  6651 | D:8      | 6651 ||| FLEEEEING.
  6652 | D:8      | 6652 ||| FLEEEEING.
  6735 | D:8      | 6735 ||| INVOKING Fiery Armour.
  6784 | D:8      | Lost intelligence.
  6802 | D:8      | 6802 ||| Stepping ~*~*~tactically~*~*~ (outnumbered).
  6803 | D:8      | 6803 ||| Stepping ~*~*~tactically~*~*~ (outnumbered).
  6804 | D:8      | 6804 ||| Stepping ~*~*~tactically~*~*~ (outnumbered).
  6805 | D:8      | 6805 ||| Stepping ~*~*~tactically~*~*~ (hiding).
  6806 | D:8      | 6806 ||| Stepping ~*~*~tactically~*~*~ (outnumbered).
  6809 | D:8      | 6809 ||| Stepping ~*~*~tactically~*~*~ (outnumbered).
  6810 | D:8      | 6810 ||| Stepping ~*~*~tactically~*~*~ (outnumbered).
  6811 | D:8      | 6811 ||| Stepping ~*~*~tactically~*~*~ (outnumbered).
  6812 | D:8      | 6812 ||| Stepping ~*~*~tactically~*~*~ (hiding).
  6813 | D:8      | 6813 ||| Stepping ~*~*~tactically~*~*~ (outnumbered).
  6867 | D:8      | 6867 ||| INVOKING Fiery Armour.
  6885 | D:8      | 6885 ||| Stepping ~*~*~tactically~*~*~ (outnumbered).
  6886 | D:8      | 6886 ||| Stepping ~*~*~tactically~*~*~ (outnumbered).
  6887 | D:8      | 6887 ||| Stepping ~*~*~tactically~*~*~ (outnumbered).
  6895 | D:8      | HP: 15/71 [wight/+2 halberd of freezing[an orange crystal
                  | statue] (4)]
  6896 | D:8      | 6896 ||| FLEEEEING.
  6897 | D:8      | 6897 ||| FLEEEEING.
  6898 | D:8      | 6898 ||| FLEEEEING.
  6899 | D:8      | 6899 ||| FLEEEEING.
  6900 | D:8      | 6900 ||| FLEEEEING.
  6901 | D:8      | 6901 ||| FLEEEEING.
  6908 | D:8      | HP: 14/71 [yak[an orange crystal statue] (11)]
  6911 | D:8      | HP: 2/71 [yak[an orange crystal statue] (8)]
  6911 | D:8      | Mangled by a yak

Levels and vault maps discovered:
D:1:      psy_arrival_fountain, layout_basic, fountainhead
D:2:      minmay_general_purpose_star, layout_basic,
          chequers_ecumenical_altar_grove
D:3:      layout_rooms, grunt_temple_overflow_cloverleaf, grunt_ministairs_3,
          uniq_sigmund
D:4:      layout_cave_pools, lemuel_zombie_altar_yredelemnul, tgw_kikubaaqudgha
D:5:      layout_loops_ring, minmay_temple_entry_fiery, hex_large,
          uniq_eustachio, uniq_crazy_yiuf_cottage
D:6:      layout_loops_cross, grunt_ministairs_7
D:7:      layout_loops_ring, uniq_joseph, uniq_duvessa
D:8:      layout_cave_pods, disabler_island

Skill      XL: |  1  2  3  4  5  6  7  8  9 |
---------------+----------------------------+-----
Unarmed Combat | 4 6 8 9 11 12 | 12.4
Fighting       | 3 4 5 |  5.1
Dodging        | 1 |  1.1
Spellcasting   | |  1.0
Fire Magic     | |  2.1

Action                   |  1- 3 |  4- 6 |  7- 9 || total
-------------------------+-------+-------+-------++-------
Melee: Unarmed           |    93 |   128 |   209 ||   430
       Punch             |     1 |     3 |     6 ||    10
       Kick              |       |    16 |    43 ||    59
Invok: Fiery Armour      |       |     2 |     6 ||     8
  Use: Scroll            |     5 |     3 |     4 ||    12
       Potion            |     1 |     5 |     5 ||    11
Armor: Robe              |    23 |    57 |    59 ||   139
Dodge: Dodged            |    35 |    58 |   192 ||   285
       Repelled          |       |     1 |    11 ||    12

Table legend:
 A = Non-vault XP
 B = Vault XP
 C = Vault XP percentage of total XP
 D = Non-vault monster count
 E = Vault monster count
 F = Vault count percentage of total count
                 A         B        C        D         E       F
            +---------+---------+-------+---------+---------+-------
      Total |    2673 |    1628 |  37.9 |     133 |      21 |  13.6
            +---------+---------+-------+---------+---------+-------
        D:1 |      20 |       0 |   0.0 |      13 |       0 |   0.0
        D:2 |      76 |       7 |   8.4 |      27 |       4 |  12.9
        D:3 |     149 |     249 |  62.6 |      24 |       6 |  20.0
        D:4 |      50 |      36 |  41.9 |      13 |       2 |  13.3
        D:5 |     213 |     370 |  63.5 |       7 |       2 |  22.2
        D:6 |     371 |     121 |  24.6 |      11 |       1 |   8.3
        D:7 |    1253 |     702 |  35.9 |      24 |       3 |  11.1
        D:8 |     541 |     143 |  20.9 |      14 |       3 |  17.6
            +---------+---------+-------+---------+---------+-------
